 Dungeon Crawl Stone Soup version 0.30-b1-2-g02819fbbbe (webtiles) character file.

Game seed: 14340106809396709814

212 sanka the Magician (level 5, -7/43 HPs)
             Began as an Armataur Wanderer on May 8, 2023.
             Was a Plaything of Xom.
             Killed by divine providence
             ... invoked by an orc priest
              (17 damage)
             ... on level 5 of the Dungeon.
             The game lasted 00:05:07 (3157 turns).

sanka the Magician (Armataur Wanderer)              Turns: 3157, Time: 00:05:08

Health: -7/43      AC: 20    Str: 15    XL:     5   Next: 58%
Magic:  9/9        EV:  2    Int: 18    God:    Xom [..*...]
Gold:   278        SH:  0    Dex:  8    Spells: 9/10 levels left

rFire   . . .        g - +0 dire flail (protect)
rCold   . . .        (shield currently unavailable)
rNeg    . . .        p - +4 plate armour {ponderous}
rPois   .            (no helmet)
rElec   .            (no cloak)
rCorr   .            d - +0 pair of gloves
SInv    .            (no barding)
Will    .....        v - amulet of faith Stlth
                     (no ring)
HPRegen 0.27/turn    (no ring)
MPRegen 0.11/turn

%: roll, faith
@: under a protective aura, slow
A: large, rugged brown scales 3, deformed body, armoured tail, roll, long
tongue, awkward tongue
a: Renounce Religion


You were on level 5 of the Dungeon.
You worshipped Xom.
You were a toy of Xom.
You visited 1 branch of the dungeon, and saw 5 of its levels.

You collected 278 gold pieces.

Inventory:

Hand Weapons
 a - a +0 club
 g - a +0 dire flail of protection (weapon)
 q - a +0 dagger of venom
Armour
 c - a +0 robe
 d - a +0 pair of gloves (worn)
 p - a +4 plate armour of ponderousness (worn)
Jewellery
 v - an amulet of faith (around neck)
Scrolls
 b - a scroll of fear
 f - 3 scrolls of teleportation {unknown}
 i - a scroll of blinking {unknown}
 k - 4 scrolls of identify {unknown}
 n - a scroll of enchant armour {unknown}
 o - a scroll of brand weapon {unknown}
 r - a scroll of noise {unknown}
 s - a scroll of amnesia {unknown}
Potions
 e - 5 potions of lignification {unknown}
 h - a potion of ambrosia {unknown}
 j - a potion of flight {unknown}
 l - a potion of berserk rage {unknown}
 m - a potion of resistance {unknown}
 t - a potion of mutation {unknown}
 u - a potion of curing {unknown}


   Skills:
 + Level 2.2 Fighting
 * Level 2.9 Maces & Flails
 - Level 1.0 Throwing
 - Level 2.1 Dodging
 - Level 3.0 Spellcasting
 - Level 1.8 Conjurations
 - Level 2.2 Air Magic


You had 9 spell levels left.
You knew the following spells:

 Your Spells              Type           Power      Damage    Failure   Level
a - Shock                 Conj/Air       36%        1d5       100%        1

Your spell library contained the following spells:

 Spells                   Type           Power      Damage    Failure   Level
 Beastly Appendage        Tmut           4%         N/A       100%        1
 Magic Dart               Conj           36%        1d4       100%        1
 Summon Small Mammal      Summ           8%         N/A       100%        1
 Blink                    Tloc           4%         N/A       100%        2
 Lesser Beckoning         Tloc           4%         N/A       100%        2
 Momentum Strike          Conj/Tloc      12%        3d8       100%        2
 Scorch                   Fire           4%         2d5       100%        2
 Call Canine Familiar     Summ           2%         N/A       100%        3
 Summon Guardian Golem    Hex/Summ       2%         N/A       100%        3
 Vhi's Electric Charge    Tloc/Air       12%        N/A       100%        3
 Alistair's Intoxication  Tmut/Pois      1%         N/A       100%        5
 Borgnjor's Vile Clutch   Necr/Erth      1%         N/A       100%        5
 Eringya's Noxious Bog    Tmut/Pois      1%         N/A       100%        6


Dungeon Overview and Level Annotations

Branches:
Dungeon (5/15)
 Temple: D:4-7

Altars:
Uskayaw
Xom


Innate Abilities, Weirdness & Mutations

You are completely covered in rugged brown scales. (AC +3, +7% HP)
Armour fits poorly on your strangely shaped body.
You have a long armoured tail.
You roll when moving toward enemies. (Rampage)
Your long tongue fully drains potion bottles. (2x potion effects)
Your tongue gives you trouble enunciating. (1.5x scroll delay)


Message History

The orc priest barely misses you.
The orc priest hits you but does no damage. x2
You puncture the orc priest!
The orc priest is severely wounded.
The orc priest hits you but does no damage. x2
You hit the orc priest but do no damage.
The orc priest is severely wounded.
The orc priest mumbles some strange prayers to Beogh against you.
Beogh smites you!
The orc priest hits you but does no damage.
You hit the orc priest but do no damage.
The orc priest is severely wounded.
The orc priest hits you but does no damage.
The orc priest calls upon Beogh to heal the orc priest.
The orc priest is healed somewhat.
You thump the orc priest!
You kill the orc priest!
The orc priest hits you with a +0 war axe!
You are too injured to fight recklessly!
You are too injured to fight recklessly!
You barely miss the orc priest.
The orc priest invokes the aid of Beogh against you.
Beogh smites you!
* * * LOW HITPOINT WARNING * * *
You sock the orc priest!
Your tail-slap misses the orc priest.
The orc priest is heavily wounded.
The orc priest hits you but does no damage. x2
You hit the orc priest.
Your tail-slap misses the orc priest.
The orc priest is severely wounded.
The orc priest casts a cantrip, but nothing happens.
Unknown command.
You closely miss the orc priest.
The orc priest is severely wounded.
The orc priest begins to cast a cantrip, but forgets the words!
You closely miss the orc priest.
You tail-slap the orc priest, but do no damage.
The orc priest is severely wounded.
The orc priest invokes the aid of Beogh against you.
Beogh smites you!
You die...

#############
#...........#
#..........$#
##........)..#
.......<.@o..#
#............#
#................
#.........!..####
#$############ .


You could see an orc priest.

Vanquished Creatures
  An orc priest (D:5)
  Natasha (thrice) (D:4)
  5 adders
  An ufetubus (D:4)
  A worm (D:2)
  A dart slug (D:4)
  3 orcs
  4 endoplasms
  3 giant cockroaches
  5 goblins
  3 hobgoblins
  10 kobolds
  2 quokkas
  7 ball pythons
  2 bats
  2 frilled lizards
  4 rats
57 creatures vanquished.

Notes
Turn   | Place    | Note
-------+----------+-------------------------------------------
     0 | D:1      | sanka the Armataur Wanderer began the quest for the Orb.
     0 | D:1      | sanka set off with the following items: a +0 club, a scroll
                  | of fear, a +0 robe, a +0 pair of gloves; and the following
                  | spells available to memorise: Shock, Beastly Appendage,
                  | Magic Dart, Scorch, Vhi's Electric Charge, Summon Guardian
                  | Golem.
     0 | D:1      | Reached XP level 1. HP: 17/17 MP: 4/4
    28 | D:1      | Learned a level 1 spell: Shock
   493 | D:1      | Reached XP level 2. HP: 24/24 MP: 5/5
   725 | D:2      | Reached skill level 1 in Conjurations
   797 | D:2      | Found a faded altar of an unknown god.
   807 | D:2      | Prayed at the altar of an unknown god.
   807 | D:2      | Became a worshipper of Xom of Chaos
   918 | D:2      | Reached skill level 3 in Spellcasting
   918 | D:2      | Reached XP level 3. HP: 7/29 MP: 1/7
   947 | D:2      | XOM: silly message
  1722 | D:2      | Reached XP level 4. HP: 37/37 MP: 8/8
  1821 | D:3      | XOM: noise
  1827 | D:3      | XOM: smoke on damage
  1859 | D:3      | Found a hide-covered altar of Uskayaw.
  1926 | D:3      | Reached skill level 1 in Maces & Flails
  2535 | D:4      | XOM: 2-stop teleportation journey
  2576 | D:4      | XOM: silly message
  2803 | D:4      | XOM: cloud trail
  2844 | D:4      | XOM: silly message
  2884 | D:4      | Noticed Natasha
  2891 | D:4      | Killed Natasha
  2973 | D:4      | Noticed Natasha
  2977 | D:4      | XOM: silly message
  2984 | D:4      | Killed Natasha
  2985 | D:4      | Reached XP level 5. HP: 25/43 MP: 9/9
  3025 | D:4      | Noticed Natasha
  3047 | D:4      | XOM: potion effect (brilliance)
  3048 | D:4      | Killed Natasha
  3114 | D:5      | Entered Level 5 of the Dungeon
  3157 | D:5      | Killed from afar by an orc priest

Illustrated notes

Levels and vault maps discovered:
D:1:      erik_arrival_orb_chamber, layout_basic
D:2:      layout_basic, chequers_ecumenical_altar_simple
D:3:      layout_loops_ring, nicolae_uskayaw_murder_on_the_dancefloor
D:4:      layout_basic, uniq_natasha
D:5:      cheibrodos_two_vegetables, layout_basic,
          nicolae_wu_jian_glorious_leap, minmay_temple_entry_purple_smoke

Skill      XL: |  1  2  3  4  5 |
---------------+----------------+-----
Conjurations   | 1 |  1.8
Spellcasting   | 3 |  3.0
Air Magic      | 2 |  2.2
Maces & Flails | 2 |  2.9
Fighting       | 2 |  2.2
Throwing       | |  1.0
Dodging        | |  2.1

Action                     |  1- 3 |  4- 6 || total
---------------------------+-------+-------++-------
  Melee: Dire flail        |   103 |   145 ||   248
         Tailslap          |     9 |     9 ||    18
   Cast: Shock             |    36 |       ||    36
 Armour: Robe              |    36 |       ||    36
         Plate armour      |    37 |   169 ||   206
  Dodge: Dodged            |    56 |    23 ||    79
